 Dungeon Crawl Stone Soup version 0.19.1-1-g22dce08 (webtiles) character file.

9777 Nefinien the Protected (level 11, -5/71 HPs)
             Began as a Tengu Berserker on Jan 20, 2017.
             Was an Elder of Trog.
             Slain by a tarantella (13 damage)
             ... on level 2 of the Lair of Beasts.
             The game lasted 01:09:41 (7242 turns).

Nefinien the Protected (Tengu Berserker)            Turns: 7242, Time: 01:09:41

Health: -5/71      AC: 15    Str: 21      XL:     11   Next: 51%
Magic:  12/12      EV:  6    Int:  4 (7)  God:    Trog [****..]
Gold:   448        SH:  0    Dex: 11 (14) Spells: 0 memorised, 10 levels left

rFire  + . .     SeeInvis .     z - +1 spear
rCold  + . .     Gourm    .     L - +2 chain mail {rF+}
rNeg   + . .     Faith    .     (no shield)
rPois  .         Spirit   .     (helmet restricted)
rElec  .         Reflect  .     (no cloak)
rCorr  .         Harm     .     J - +0 pair of gloves
MR     ++...                    (boots unavailable)
Stlth  ..........               o - amulet of regeneration
                                p - ring of protection from cold (curse)
                                O - ring of positive energy

@: lethally poisoned (-5 -> -5), very slightly contaminated, held, regenerating,
hasted, very quick
A: beak, talons 3, able to fly 1
a: Fly, Berserk, Trog's Hand, Brothers in Arms, Burn Spellbooks, Renounce
Religion


You were on level 2 of the Lair of Beasts.
You worshipped Trog.
Trog was greatly pleased with you.
You were very hungry.

You visited 2 branches of the dungeon, and saw 11 of its levels.

You collected 448 gold pieces.

Inventory:

Hand Weapons
 v - a +0 whip of electrocution
 y - a +1 long sword of slicing
 z - a +1 spear (weapon)
 R - a +0 blowgun
 S - a +0 hunting sling
 V - a +0 shortbow
Missiles
 l - 7 needles of confusion
 n - 200 arrows
 s - 97 sling bullets
 x - 13 poisoned needles
 F - 3 tomahawks of returning
Armour
 a - a +0 shield
 J - a +0 pair of gloves (worn)
 K - +0 shadow dragon scales
 L - a +2 chain mail of fire resistance (worn)
Jewellery
 o - an amulet of regeneration (around neck)
 p - a cursed ring of protection from cold (right hand)
 O - a ring of positive energy (left hand)
Wands
 u - a wand of paralysis (1/24)
 M - a wand of polymorph (11/24)
 N - a wand of disintegration (4/24)
 P - a wand of slowing (28/48)
Scrolls
 e - a scroll of teleportation {unknown}
 g - a scroll of noise {unknown}
 i - 3 scrolls of enchant weapon
 k - 3 scrolls of identify
 m - 4 scrolls of magic mapping {unknown}
 q - 3 scrolls of remove curse
 t - 2 scrolls of enchant armour {unknown}
 C - 2 scrolls of recharging {unknown}
 Q - 2 scrolls of immolation {unknown}
 U - a scroll of holy word {unknown}
 W - a scroll of fog {unknown}
Potions
 d - 2 potions of degeneration
 h - 2 potions of brilliance {unknown}
 r - a potion of beneficial mutation {unknown}
 A - 5 potions of curing
 B - 2 potions of heal wounds {unknown}
 G - a potion of flight {unknown}
 H - 4 potions of agility
 T - 2 potions of berserk rage {unknown}
 X - a potion of invisibility {unknown}
Comestibles
 b - 6 chunks of flesh
 c - 3 bread rations
 f - a royal jelly
 j - 3 beef jerkies
 w - 7 meat rations
 I - 10 fruits


   Skills:
 + Level 9.1 Fighting
 - Level 10.2 Polearms
 + Level 0.6 Throwing
 + Level 11.6 Armour
 + Level 6.2 Dodging
 * Level 4.6 Shields


You had 10 spell levels left.
You didn't know any spells.

Dungeon Overview and Level Annotations

Branches:
Dungeon (9/15)             Temple (0/1) D:6            Lair (1/6) D:9
    Orc: D:9-12

Altars:
Kikubaaqudgha
Okawaru
Ru

Shops:
D:4 (=(


Innate Abilities, Weirdness & Mutations

You have a beak for a mouth.
You have claws for feet.
You can fly.


Message History

You feel sick.
You found a web!
You feel sick.
You are feeling very hungry.
You feel sick.
You feel sick.
A tarantella comes into view.
You are struck by the porcupine's spines.
* * * LOW HITPOINT WARNING * * *
The tarantella hisses angrily.
You hit the porcupine. Your kick misses the porcupine.
The porcupine is severely wounded.
The porcupine misses you.
You are caught in the web!
You feel a little less agile now.
There is a web here.
You struggle to detach yourself from the web.
The soldier ant is caught in a web!
You struggle to detach yourself from the web.
You feel sick. The porcupine barely misses you. The tarantella bites you!
You die...

#### ###..##### ##
####.......P#
#.##...........#
#.............## .
##.............## P
##..####........# .
#.ra.##.##.....###.
##@..#..#......#...
#.s.#.##..#.....#>#
....#####..^...#...#
#....# #...^.†##..P#
#.#.##^
###^^††.(.... ##.. .
.....^........ ###
..^###.....#.... ..
#..#...##.†..
##...#####...


You could see a soldier ant (webbed), a tarantella and a porcupine.

Vanquished Creatures
  Gastronok (Lair:2)
  Pikel (D:7)
  Joseph (D:7)
  2 komodo dragons
  2 hippogriffs (Lair:1)
  2 wyverns
  8 yaks
  Grum (D:9)
  A vampire mosquito (D:7)
  5 soldier ants (Lair:2)
  A porcupine (Lair:2)
  2 ice beasts (D:6)
  2 orc warriors
  An eye of draining (D:7)
  A slave (D:7)
  A phantom (D:4)
  2 wolves (D:9)
  6 ogres
  2 centaurs
  2 crocodiles
  4 bullfrogs
  A scorpion (D:5)
  5 wights (D:6)
  4 howler monkeys
  2 electric eels (D:7)
  2 crimson imps
  2 centaur zombies (D:6)
  4 hounds
  4 jellies
  A centaur skeleton (D:6)
  6 orc wizards
  An orc priest (D:6)
  A bullfrog skeleton (D:4)
  Ijyb (D:3)
  21 worker ants
  8 adders
  3 shadow imps
  2 adder skeletons
  4 worms
  A dart slug (D:1)
  8 leopard geckos
  11 orcs
  5 ball pythons
  4 giant cockroaches
  6 hobgoblins
  3 jackals (D:3)
  9 kobolds
  3 quokkas
  A bat (D:3)
  5 frilled lizards
  10 goblins
  A quokka skeleton (D:5)
  13 rats
  A fungus (Lair:2)
  A plant (D:8)
202 creatures vanquished.

Vanquished Creatures (collateral kills)
  A queen ant (Lair:2)
  2 hungry ghosts
  2 soldier ants (Lair:2)
  A porcupine (Lair:2)
  A centaur (D:7)
  A big kobold (D:8)
  A bullfrog (D:9)
  7 worker ants
16 creatures vanquished.

Vanquished Creatures (others)
  2 slaves (D:7)
  A hound (D:7)
3 creatures vanquished.

Grand Total: 221 creatures vanquished

Notes
Turn   | Place    | Note
-------+----------+-------------------------------------------
     0 | D:1      | Nefinien the Tengu Berserker began the quest for the Orb.
     0 | D:1      | Reached XP level 1. HP: 14/14 MP: 2/2
   215 | D:1      | Reached XP level 2. HP: 15/19 MP: 3/3
   685 | D:1      | You fall through a shaft!
   733 | D:2      | Reached XP level 3. HP: 23/23 MP: 4/4
  1045 | D:2      | Reached ** piety under Trog
  1387 | D:3      | Noticed Ijyb
  1395 | D:3      | Killed Ijyb
  1395 | D:3      | Reached XP level 4. HP: 29/29 MP: 5/5
  1839 | D:3      | Gained mutation: You can fly. [Tengu growth]
  1839 | D:3      | Reached XP level 5. HP: 33/33 MP: 6/6
  1846 | D:3      | Reached skill level 3 in Armour
  2170 | D:3      | Reached *** piety under Trog
  2201 | D:4      | Noticed an ogre
  2209 | D:4      | Killed an ogre
  2209 | D:4      | Reached skill level 5 in Polearms
  2209 | D:4      | Reached XP level 6. HP: 37/38 MP: 7/7
  2233 | D:4      | Reached skill level 4 in Armour
  2291 | D:4      | Found Ukall's Gadget Emporium.
  2313 | D:4      | Found Warisata's Jewellery Shoppe.
  2361 | D:4      | Found Konecumu's Antique Weapon Shoppe.
  2426 | D:4      | Reached XP level 7. HP: 32/44 MP: 8/8
  2844 | D:4      | Reached skill level 5 in Fighting
  2884 | D:4      | Found Jyumyqadgh's Antique Weapon Boutique.
  2968 | D:5      | Entered Level 5 of the Dungeon
  3001 | D:5      | Found an ancient bone altar of Kikubaaqudgha.
  3023 | D:5      | Reached skill level 5 in Armour
  3422 | D:6      | Reached XP level 8. HP: 49/49 MP: 9/9
  3739 | D:6      | Reached skill level 6 in Armour
  3865 | D:6      | Reached **** piety under Trog
  3998 | D:6      | Reached XP level 9. HP: 42/55 MP: 10/10
  4107 | D:6      | Reached skill level 5 in Dodging
  4162 | D:6      | Found a staircase to the Ecumenical Temple.
  4385 | D:7      | Noticed Joseph
  4396 | D:7      | Killed Joseph
  4396 | D:7      | Reached skill level 7 in Armour
  4552 | D:7      | Noticed Pikel
  4563 | D:7      | Paralysed by Pikel for 5 turns
  4573 | D:7      | Killed Pikel
  4720 | D:7      | Reached skill level 8 in Armour
  4752 | D:7      | Reached XP level 10. HP: 63/63 MP: 11/11
  5108 | D:8      | Found an iron altar of Okawaru.
  5217 | D:8      | Reached skill level 10 in Polearms
  5295 | D:8      | Reached skill level 9 in Armour
  5692 | D:8      | Found a sacrificial altar of Ru.
  5838 | D:9      | Found a staircase to the Lair.
  5848 | D:9      | Reached skill level 1 in Shields
  6179 | D:9      | Noticed Grum
  6207 | D:9      | Killed Grum
  6547 | Lair:1   | Entered Level 1 of the Lair of Beasts
  6570 | Lair:1   | Reached skill level 10 in Armour
  6664 | Lair:1   | You fall through a shaft!
  6680 | Lair:2   | Noticed Gastronok
  6694 | Lair:2   | Killed Gastronok
  6694 | Lair:2   | Reached skill level 11 in Armour
  6694 | Lair:2   | Reached XP level 11. HP: 69/69 MP: 12/12
  7101 | Lair:2   | Noticed a queen ant
  7126 | Lair:2   | Killed a queen ant
  7242 | Lair:2   | Slain by a tarantella

Skill      XL: |  1  2  3  4  5  6  7  8  9 10 11 |
---------------+----------------------------------+-----
Polearms       | 4 5 6 7 9 10 | 10.2
Fighting       | 4 5 6 7 8 9 |  9.1
Armour         | 3 4 5 6 8 11 | 11.6
Dodging        | 3 4 5 6 |  6.2
Shields        | 3 4 |  4.6
Throwing       | |  0.6

Action                   |  1- 3 |  4- 6 |  7- 9 | 10-12 || total
-------------------------+-------+-------+-------+-------++-------
Melee: Spear             |    83 |    98 |   330 |   437 ||   948
       Kick              |    20 |    34 |   113 |   181 ||   348
       Peck              |    17 |    13 |    81 |   118 ||   229
Throw: Tomahawk          |       |       |     4 |     1 ||     5
Invok: Berserk           |     5 |     4 |    10 |     6 ||    25
       Burn Spellbooks   |       |     1 |       |     2 ||     3
       Trog's Hand       |       |       |     2 |     4 ||     6
       Brothers in Arms  |       |       |     2 |     3 ||     5
Evoke: Wand              |       |       |       |     1 ||     1
  Use: Scroll            |       |     1 |     2 |     1 ||     4
       Potion            |       |       |       |     7 ||     7
 Stab: Sleeping          |       |       |     1 |       ||     1
  Eat: Chunk             |     5 |     8 |    12 |    18 ||    43
       Fruit             |       |       |     1 |     2 ||     3
       Meat ration       |       |       |     1 |       ||     1
       Bread ration      |       |       |     1 |       ||     1
Armor: Animal skin       |     3 |       |       |       ||     3
       Ring mail         |    12 |    26 |    13 |       ||    51
       Shadow dragon sca |       |       |    39 |       ||    39
       Chain mail        |       |       |    27 |   160 ||   187
Dodge: Dodged            |    40 |    49 |   138 |   207 ||   434
